 Dungeon Crawl Stone Soup version 0.26.1-10-gdfb7c7de75 (webtiles) character file.

Game seed: 6947504681933449128

147 manyhoops the Ruffian (level 5, -4/43 HPs)
             Began as a Palentonga Transmuter on Apr 2, 2021.
             Slain by an orc
             ... wielding a +1 dagger of electrocution
              (20 damage)
             ... on level 3 of the Dungeon.
             The game lasted 00:03:27 (3055 turns).

manyhoops the Ruffian (Palentonga Transmuter)       Turns: 3055, Time: 00:03:27

Health: -4/43      AC:  8    Str: 14    XL:     5   Next: 7%
Magic:  6/8        EV: 10    Int: 13    God:
Gold:   54         SH:  0    Dex: 11    Spells: 5/8 levels left

rFire    . . .     SeeInvis +     - Unarmed
rCold    . . .     Faith    .   (no shield)
rNeg     . . .     Spirit   .   a - +0 robe
rPois    .         Reflect  .   (no helmet)
rElec    .         Harm     .   (no cloak)
rCorr    .         Rampage  .   (no gloves)
Will     .....                  (no barding)
Stlth    +.........             (no amulet)
HPRegen  0.14/turn              h - +4 ring of protection
MPRegen  0.11/turn              (no ring)

@: wereblooded
A: large, rugged brown scales 3, see invisible, deformed body, roll 1, armoured
tail
a: Rolling Charge


You were on level 3 of the Dungeon.
You visited 1 branch of the dungeon, and saw 3 of its levels.

You collected 54 gold pieces.

Inventory:

Missiles
 g - 12 poisoned darts (quivered)
Armour
 a - a +0 robe (worn)
Jewellery
 h - a +4 ring of protection (left hand)
Scrolls
 b - a scroll of random uselessness {unknown}
 c - a scroll of identify {unknown}
 f - 2 scrolls of fear {unknown}
Potions
 d - a potion of heal wounds {unknown}
 e - a potion of degeneration {unknown}


   Skills:
 * Level 2.0 Fighting
 - Level 1.5 Dodging
 + Level 5.4 Unarmed Combat
 - Level 2.0 Spellcasting
 - Level 2.0 Transmutations


You had 5 spell levels left.
You knew the following spells:

 Your Spells              Type           Power        Failure   Level
a - Beastly Appendage     Tmut           12%          11%         1
b - Wereblood             Tmut           6%           17%         2

Your spell library contained the following spells:

 Spells                   Type           Power        Failure   Level
 Spider Form              Tmut/Pois      1%           45%         3
 Ice Form                 Ice/Tmut       3%           86%         4
 Blade Hands              Tmut           3%           97%         5


Dungeon Overview and Level Annotations

Branches:
Dungeon (3/15)

Altars:
The Shining One


Innate Abilities, Weirdness & Mutations

You are completely covered in rugged brown scales. (AC +3, +7% HP)
You have supernaturally acute eyesight. (SInv)
Armour fits poorly on your strangely shaped body.
You can roll at nearby foes to attack.
You have a long armoured tail.


Message History

Unknown command.
You are too injured to fight recklessly!
Unknown command.
You are too injured to fight recklessly!
Unknown command.
You hit the orc. Your kick misses the orc. Your headbutt misses the orc.
Your tail-slap misses the orc.
The orc is heavily wounded.
The orc hits you with a +1 dagger of electrocution.
The orc hits you with a +0 mace. The orc barely misses you.
You hit the orc.
You kill the orc!
The orc closely misses you. The orc hits you with a +0 mace.
You barely miss the orc. The orc misses you.
You hit the orc but do no damage. You claw the orc.
The orc is severely wounded.
Your horns disappear.
Your talons disappear.
The orc closely misses you. The orc hits you but does no damage.
You are electrocuted!!
You die...

.# .............#
#.###'###. .#
........(....# #.# #.# #.
.# .......).....#
#.###.###. .#
..........[..# #.###_..+.
.............# #.###.###.
.............# #.# #.# #.
.............####.###'###.
........).................
........o@#.........#..###
.......)o.#...........##
......)###############
....... ....... .......
....... ....... .......


You could see 2 orcs.

Vanquished Creatures
  An orc wizard (D:3)
  Natasha (D:2)
  A gnoll (D:1)
  An adder (D:2)
  An ooze (D:2)
  2 worms (D:3)
  2 dart slugs
  A leopard gecko (D:1)
  6 orcs (D:3)
  2 giant cockroaches
  6 goblins
  6 hobgoblins
  2 jackals (D:3)
  7 bats
  4 frilled lizards
  5 kobolds
  8 rats
56 creatures vanquished.

Notes
Turn   | Place    | Note
-------+----------+-------------------------------------------
     0 | D:1      | manyhoops the Palentonga Transmuter began the quest for the
                  | Orb.
     0 | D:1      | Reached XP level 1. HP: 17/17 MP: 3/3
   380 | D:1      | Reached XP level 2. HP: 24/24 MP: 5/5
   699 | D:1      | Reached skill level 4 in Unarmed Combat
   961 | D:1      | Reached XP level 3. HP: 29/29 MP: 6/6
  2099 | D:2      | Noticed Natasha
  2108 | D:2      | Killed Natasha
  2109 | D:2      | Reached XP level 4. HP: 10/38 MP: 5/7
  2658 | D:3      | Reached skill level 5 in Unarmed Combat
  2757 | D:3      | Learned a level 2 spell: Wereblood
  2861 | D:3      | Found a glowing golden altar of the Shining One.
  2888 | D:3      | Reached XP level 5. HP: 26/43 MP: 8/8
  3055 | D:3      | Slain by an orc

Illustrated notes

Levels and vault maps discovered:
D:1:      dpeg_arrival_boxorama, layout_basic
D:2:      layout_loops_ring, uniq_natasha
D:3:      layout_basic, grunt_temple_overflow_lords_of_destruction,
          lemuel_doored_altar, marbit_many_paths

Skill      XL: |  1  2  3  4 |
---------------+-------------+-----
Unarmed Combat | 4 5 |  5.4
Fighting       | 2 |  2.0
Dodging        | |  1.5
Spellcasting   | |  2.0
Transmutations | |  2.0

Action                   |  1- 3 |  4- 6 || total
-------------------------+-------+-------++-------
Melee: Unarmed           |   110 |    78 ||   188
       Tailslap          |    11 |     7 ||    18
       Punch             |     1 |       ||     1
       Kick              |     3 |     6 ||     9
       Headbutt          |     2 |     2 ||     4
 Cast: Beastly Appendage |     3 |     3 ||     6
       Wereblood         |       |     1 ||     1
 Abil: Rolling Charge    |     1 |     1 ||     2
  Use: Potion            |     1 |       ||     1
 Stab: Sleeping          |     1 |       ||     1
Armor: Robe              |    35 |    24 ||    59
Dodge: Dodged            |    60 |    49 ||   109
